MLB
DETROIT TIGERS @ TORONTO BLUE JAYS
06/12/2098
 
TOP OF THE 1ST
Detroit Tigers batting - Pitching for Toronto Blue Jays : LHP Gary Brooks
Pitching: LHP Gary Brooks
Batting: LHB Tim Wilson 0-0: Called Strike
0-1: Ball
1-1: Ground out 6-3 (Groundball, 6M, EV 80.6 MPH)
Batting: RHB Edgar Navarrete 0-0: Ground out 5-3 (Groundball, 56S, EV 89.4 MPH)
Batting: RHB David Schafer 0-0: Ground out 6-3 (Groundball, 6, EV 101.3 MPH)
Top of the 1st over - 0 runs, 0 hits, 0 errors, 0 left on base; Detroit 0 - Toronto 0
BOTTOM OF THE 1ST
Toronto Blue Jays batting - Pitching for Detroit Tigers : RHP Chuck Watts
Pitching: RHP Chuck Watts
Batting: LHB Collin Coleman 0-0: Called Strike
0-1: Ball
1-1: Ball
2-1: Fly out, F6 (Line Drive, 56D, EV 76.9 MPH)
Batting: RHB Greg Whitaker 0-0: Swinging Strike
0-1: Foul Ball, location: 2F
0-2: SINGLE (Groundball, 4MD, EV 105.0 MPH)
Batting: SHB Dennis Desper 0-0: Foul Ball, location: 23FF
0-1: Ball
1-1: Foul Ball, location: 3DF
1-2: Strikes out looking
Batting: LHB John Slaff 0-0: Called Strike
0-1: Ball
1-1: Ball
2-1: DOUBLE (Groundball, 3L, EV 105.6 MPH)
Greg Whitaker to third
Runner from 3rd tries for Home, SAFE, throw by RF to home
Batting: LHB Ramon Anguiano 0-0: Ground out 1-3 (Groundball, 13S, EV 76.3 MPH)
Bottom of the 1st over - 1 run, 2 hits, 0 errors, 1 left on base; Detroit 0 - Toronto 1
TOP OF THE 2ND
Detroit Tigers batting - Pitching for Toronto Blue Jays : LHP Gary Brooks
Batting: RHB Jimmy Moore 0-0: SINGLE (Groundball, 6MD, EV 99.4 MPH)
Batting: LHB Eric Plaunt 0-0: Ball
1-0: SINGLE (Line Drive, 5D, EV 94.4 MPH)
Jimmy Moore to second
Batting: RHB Donald Nohl 0-0: Grounds into double play, 6-4-3 (Groundball, 6, EV 102.5 MPH)
Jimmy Moore to third
Batting: LHB Philip Clark 0-0: Called Strike
0-1: DOUBLE (Line Drive, 89D, EV 105.6 MPH)
Jimmy Moore scores
Batting: RHB Carlos Fraire 0-0: Foul Ball, location: 23F
0-1: Called Strike
0-2: Strikes out swinging
Top of the 2nd over - 1 run, 3 hits, 0 errors, 1 left on base; Detroit 1 - Toronto 1
BOTTOM OF THE 2ND
Toronto Blue Jays batting - Pitching for Detroit Tigers : RHP Chuck Watts
Batting: RHB Danny Daugherty 0-0: Fly out, F2 (Popup, 3SF, EV 74.4 MPH)
Batting: RHB Justin Dupree 0-0: Called Strike
0-1: Ball
1-1: Ball
2-1: Foul Ball, location: 5F
2-2: Strikes out swinging
Batting: SHB Mark Spalding 0-0: Ball
1-0: SINGLE (Groundball, 3D, EV 105.6 MPH)
Batting: SHB Alex Carrillo 0-0: Ball
1-0: Foul Ball, location: 3SF
1-1: Ball
2-1: Fly out, F7 (Flyball, 7D, EV 111.3 MPH)
Bottom of the 2nd over - 0 runs, 1 hit, 0 errors, 1 left on base; Detroit 1 - Toronto 1
TOP OF THE 3RD
Detroit Tigers batting - Pitching for Toronto Blue Jays : LHP Gary Brooks
Batting: LHB Jason Schneider 0-0: Ground out 4-3 (Groundball, 4, EV 109.4 MPH)
Batting: LHB Tim Wilson 0-0: Called Strike
0-1: Ball
1-1: Foul Ball, location: 2LF
1-2: Strikes out swinging
Batting: RHB Edgar Navarrete 0-0: Foul Ball, location: 2F
0-1: Called Strike
0-2: Ball
1-2: Ball
2-2: Ball
3-2: Fly out, F7 (Flyball, 78S, EV 86.3 MPH)
Top of the 3rd over - 0 runs, 0 hits, 0 errors, 0 left on base; Detroit 1 - Toronto 1
BOTTOM OF THE 3RD
Toronto Blue Jays batting - Pitching for Detroit Tigers : RHP Chuck Watts
Batting: LHB Collin Coleman 0-0: Called Strike
0-1: Foul Ball, location: 2F
0-2: Fly out, F9 (Line Drive, 89M, EV 100.0 MPH)
Batting: RHB Greg Whitaker 0-0: Called Strike
0-1: Foul Ball, location: 9LDF
0-2: Strikes out swinging
Batting: SHB Dennis Desper 0-0: Ball
1-0: Called Strike
1-1: Ground out U3 (Groundball, 3, EV 83.8 MPH)
Bottom of the 3rd over - 0 runs, 0 hits, 0 errors, 0 left on base; Detroit 1 - Toronto 1
TOP OF THE 4TH
Detroit Tigers batting - Pitching for Toronto Blue Jays : LHP Gary Brooks
Batting: RHB David Schafer 0-0: Called Strike
0-1: Called Strike
0-2: Ball
1-2: Fly out, F9 (Flyball, 9, EV 88.1 MPH)
Batting: RHB Jimmy Moore 0-0: Foul Ball, location: 23FF
0-1: SINGLE (Line Drive, 34D, EV 99.4 MPH)
Batting: LHB Eric Plaunt 0-0: Grounds into double play, 3-6-3 (Groundball, 3, EV 81.3 MPH)
Top of the 4th over - 0 runs, 1 hit, 0 errors, 0 left on base; Detroit 1 - Toronto 1
BOTTOM OF THE 4TH
Toronto Blue Jays batting - Pitching for Detroit Tigers : RHP Chuck Watts
Batting: LHB John Slaff 0-0: Fly out, F8 (Flyball, 8LD, EV 88.8 MPH)
Batting: LHB Ramon Anguiano 0-0: Foul Ball, location: 3F
0-1: Ball
1-1: Ball
2-1: Foul Ball, location: 9LDF
2-2: SINGLE (Flyball, 8LS, EV 93.1 MPH)
Batting: RHB Danny Daugherty 0-0: Ball
1-0: Ball
2-0: Swinging Strike
2-1: Foul Ball, location: 2F
2-2: 2-RUN HOME RUN (Flyball, 7LD, EV 91.3 MPH), Distance : 353 ft
Batting: RHB Justin Dupree 0-0: Swinging Strike
0-1: Ball
1-1: Swinging Strike
1-2: Ground out 6-3 (Groundball, 6, EV 84.4 MPH)
Batting: SHB Mark Spalding 0-0: Swinging Strike
0-1: Ball
1-1: Called Strike
1-2: Foul Ball, location: 7LMF
1-2: Ball
2-2: Foul Ball, location: 25FF
2-2: Fly out, F8 (Line Drive, 78M, EV 106.3 MPH)
Bottom of the 4th over - 2 runs, 2 hits, 0 errors, 0 left on base; Detroit 1 - Toronto 3
TOP OF THE 5TH
Detroit Tigers batting - Pitching for Toronto Blue Jays : LHP Gary Brooks
Batting: RHB Donald Nohl 0-0: Called Strike
0-1: Fly out, F8 (Line Drive, 8RM, EV 94.4 MPH)
Batting: LHB Philip Clark 0-0: Called Strike
0-1: Ball
1-1: Ball
2-1: Foul Ball, location: 2F
2-2: Fly out, F7 (Flyball, 7, EV 93.1 MPH)
Batting: RHB Carlos Fraire 0-0: Ball
1-0: Called Strike
1-1: Called Strike
1-2: Ball
2-2: Foul Ball, location: 9LDF
2-2: Ball
3-2: Ground out 4-3 (Groundball, 34, EV 80.0 MPH)
Top of the 5th over - 0 runs, 0 hits, 0 errors, 0 left on base; Detroit 1 - Toronto 3
BOTTOM OF THE 5TH
Toronto Blue Jays batting - Pitching for Detroit Tigers : RHP Chuck Watts
Batting: SHB Alex Carrillo 0-0: Ball
1-0: Ball
2-0: Fly out, F7 (Flyball, 7LD, EV 95.6 MPH)
Pitching: RHP Marty Olmedo
Batting: LHB Collin Coleman 0-0: Ball
1-0: Called Strike
1-1: Ball
2-1: Foul Ball, location: 7LSF
2-2: Foul Ball, location: 2F
2-2: Foul Ball, location: 5F
2-2: SINGLE (Groundball, 3S, EV 70.0 MPH) (infield hit)
Batting: RHB Greg Whitaker 0-0: Fielders Choice at 2nd, 4-6 (Groundball, 34, EV 98.8 MPH)
Batting: SHB Dennis Desper 0-0: Foul Ball, location: 7LMF
0-1: Ball
1-1: Fly out, F6 (Popup, 6S, EV 64.4 MPH)
Bottom of the 5th over - 0 runs, 1 hit, 0 errors, 1 left on base; Detroit 1 - Toronto 3
TOP OF THE 6TH
Detroit Tigers batting - Pitching for Toronto Blue Jays : LHP Gary Brooks
Pitching: RHP Victor Urueta
Batting: LHB Jason Schneider 0-0: Ball
1-0: Called Strike
1-1: Foul Ball, location: 3F
1-2: Foul Ball, location: 2F
1-2: Strikes out swinging
Batting: LHB Tim Wilson 0-0: Ball
1-0: Ground out 4-3 (Groundball, 4, EV 80.0 MPH)
Pinch Hitting: SHB Mang He 0-0: Ball
1-0: Swinging Strike
1-1: Foul Ball, location: 7LSF
1-2: Ball
2-2: Ball
3-2: Foul Ball, location: 7LSF
3-2: Strikes out swinging
Top of the 6th over - 0 runs, 0 hits, 0 errors, 0 left on base; Detroit 1 - Toronto 3
BOTTOM OF THE 6TH
Toronto Blue Jays batting - Pitching for Detroit Tigers : RHP Marty Olmedo
Now at 1B: Mang He
Now in LF: Jimmy Moore
Batting: LHB John Slaff 0-0: Ball
1-0: Ball
2-0: Ball
3-0: SINGLE (Line Drive, 8RS, EV 104.4 MPH)
Batting: LHB Ramon Anguiano 0-0: Called Strike
0-1: Ball
1-1: Foul Ball, location: 7LMF
1-2: Ball
2-2: Fly out, F9 (Flyball, 9, EV 87.5 MPH)
Batting: RHB Danny Daugherty 0-0: Called Strike
John Slaff is caught stealing 2nd base 2-4
0-1: Swinging Strike
0-2: Ball
1-2: Foul Ball, location: 2F
1-2: Ball
2-2: Strikes out swinging
Bottom of the 6th over - 0 runs, 1 hit, 0 errors, 0 left on base; Detroit 1 - Toronto 3
TOP OF THE 7TH
Detroit Tigers batting - Pitching for Toronto Blue Jays : RHP Victor Urueta
Batting: RHB David Schafer 0-0: Fly out, F8 (Flyball, 8RM, EV 80.0 MPH)
Batting: RHB Jimmy Moore 0-0: Called Strike
0-1: Fly out, F8 (Flyball, 8LD, EV 100.6 MPH)
Batting: LHB Eric Plaunt 0-0: Ball
1-0: Ball
2-0: Ball
3-0: Called Strike
3-1: Foul Ball, location: 2F
3-2: Foul Ball, location: 7LSF
3-2: Reached on error, E4 (Groundball, 4, EV 85.0 MPH)
Batting: RHB Donald Nohl 0-0: Ball
1-0: Ball
2-0: Called Strike
2-1: SINGLE (Line Drive, 9S, EV 102.5 MPH)
Eric Plaunt to second
Pitching: RHP Bryan Bassett
Batting: LHB Philip Clark 0-0: Called Strike
0-1: Ball
1-1: Foul Ball, location: 2F
1-2: Strikes out looking
Top of the 7th over - 0 runs, 1 hit, 1 error, 2 left on base; Detroit 1 - Toronto 3
BOTTOM OF THE 7TH
Toronto Blue Jays batting - Pitching for Detroit Tigers : RHP Marty Olmedo
Pitching: RHP John Hernandez
Batting: RHB Justin Dupree 0-0: Ball
1-0: Foul Ball, location: 23F
1-1: Foul Ball, location: 2F
1-2: Ball
2-2: Strikes out swinging
Batting: SHB Mark Spalding 0-0: SINGLE (Line Drive, 78M, EV 98.1 MPH)
Batting: SHB Alex Carrillo 0-0: Called Strike
0-1: Ball
1-1: Ball
2-1: Ball
3-1: Foul Ball, location: 2F
3-2: Foul Ball, location: 7LMF
Pickoff Throw to First - Out! 1-3
3-2: Base on Balls
Batting: LHB Collin Coleman 0-0: 2-RUN HOME RUN (Line Drive, 9D, EV 107.5 MPH), Distance : 386 ft
Batting: RHB Greg Whitaker 0-0: Ball
1-0: Foul Ball, location: 23FF
1-1: Swinging Strike
1-2: Ball
2-2: Foul Ball, location: 5F
2-2: Fly out, F9 (Flyball, 9LS, EV 93.1 MPH)
Bottom of the 7th over - 2 runs, 2 hits, 0 errors, 0 left on base; Detroit 1 - Toronto 5
TOP OF THE 8TH
Detroit Tigers batting - Pitching for Toronto Blue Jays : RHP Bryan Bassett
Batting: RHB Carlos Fraire 0-0: Ball
1-0: Fly out, F7 (Flyball, 7D, EV 86.9 MPH)
Batting: LHB Jason Schneider 0-0: Reached on error, E5 (Groundball, 56, EV 100.6 MPH)
Batting: LHB Tim Wilson 0-0: Ball
1-0: Foul Ball, location: 25F
1-1: Fly out, F9 (Line Drive, 89M, EV 106.3 MPH)
Batting: SHB Mang He 0-0: Called Strike
0-1: Foul Ball, location: 7LMF
0-2: Foul Ball, location: 2F
0-2: Strikes out swinging
Top of the 8th over - 0 runs, 0 hits, 1 error, 1 left on base; Detroit 1 - Toronto 5
BOTTOM OF THE 8TH
Toronto Blue Jays batting - Pitching for Detroit Tigers : RHP John Hernandez
Batting: SHB Dennis Desper 0-0: Ball
1-0: Foul Ball, location: 25F
1-1: Ball
2-1: Called Strike
2-2: Ball
3-2: Strikes out swinging
Batting: LHB John Slaff 0-0: Ball
1-0: Ball
2-0: Ball
3-0: Base on Balls
Pitching: RHP Raul Mendoza
Batting: LHB Ramon Anguiano 0-0: Called Strike
0-1: Fly out, F7 (Flyball, 7D, EV 104.4 MPH)
Batting: RHB Danny Daugherty 0-0: DOUBLE (Flyball, 78D, EV 108.8 MPH)
John Slaff to third
Batting: RHB Justin Dupree 0-0: Swinging Strike
0-1: Swinging Strike
0-2: Ball
1-2: SINGLE (Line Drive, 89S, EV 98.1 MPH)
John Slaff scores
Danny Daugherty to third
Runner from 3rd tries for Home, SAFE, throw by CF to home
Justin Dupree to second
Batting: SHB Mark Spalding 0-0: Swinging Strike
0-1: Ball
1-1: Ball
2-1: Fly out, F8 (Flyball, 8LD, EV 91.9 MPH)
Bottom of the 8th over - 2 runs, 2 hits, 0 errors, 1 left on base; Detroit 1 - Toronto 7
TOP OF THE 9TH
Detroit Tigers batting - Pitching for Toronto Blue Jays : RHP Bryan Bassett
Batting: RHB David Schafer 0-0: Called Strike
0-1: Foul Ball, location: 2F
0-2: SINGLE (Flyball, 8RS, EV 78.1 MPH)
Batting: RHB Jimmy Moore 0-0: Ball
1-0: Fielders Choice at 2nd, 6-4 (Groundball, 6, EV 81.3 MPH)
Batting: LHB Eric Plaunt 0-0: Grounds into double play, 5-4-3 (Groundball, 56, EV 98.1 MPH)
Top of the 9th over - 0 runs, 1 hit, 0 errors, 0 left on base; Detroit 1 - Toronto 7
Saturday, April 6th , 2024 - OOTP Baseball 24.11 Build 85